 Dungeon Crawl Stone Soup version 0.20.0-8-g6b59dc7 (webtiles) character file.

63 Minion the Magician (level 3, -1/24 HPs)
             Began as a Mummy Wizard on May 30, 2017.
             Was a Follower of Okawaru.
             Slain by a gnoll
             ... wielding a +0 spear
              (9 damage)
             ... on level 2 of the Dungeon.
             The game lasted 00:03:47 (2408 turns).

Minion the Magician (Mummy Wizard)                  Turns: 2408, Time: 00:03:48

Health: -1/24      AC:  2    Str: 10    XL:     3   Next: 89%
Magic:  3/9        EV: 12    Int: 18    God:    Okawaru [*.....]
Gold:   43         SH:  0    Dex: 10    Spells: 9/12 levels left

rFire    x . .     SeeInvis .   (no weapon)
rCold    + . .     Gourm    .   (no shield)
rNeg     + + +     Faith    .   a - +0 robe
rPois    ∞         Spirit   .   b - +0 hat
rElec    .         Reflect  .   (no cloak)
rCorr    .         Harm     .   (no gloves)
MR       .....                  (no boots)
Stlth    ++........             (no amulet)
Regen    0.1/turn               (no ring)
MPRegen  0.2/turn               (no ring)

@: very slightly contaminated
A: no food or potions, fire vulnerability, cold resistance 1, negative energy
resistance 3, torment resistance, unbreathing
a: Heroism, Renounce Religion


You were on level 2 of the Dungeon.
You worshipped Okawaru.
Okawaru was aware of your devotion.
You were not hungry.

You visited 1 branch of the dungeon, and saw 3 of its levels.

You collected 43 gold pieces.

Inventory:

Armour
 a - a +0 robe (worn)
 b - a +0 hat (worn)
Scrolls
 d - 4 scrolls of identify {unknown}
 e - a scroll of remove curse {unknown}
 f - a scroll of enchant weapon {unknown}
 g - 5 scrolls of magic mapping {unknown}
Books
 c - a book of Minor Magic

   Spells                             Type                      Level
   a - Magic Dart                     Conjuration                  1
   b - Blink                          Translocation                2
   c - Call Imp                       Summoning                    2
   d - Slow                           Hexes                        2
   e - Conjure Flame                  Conjuration/Fire             3
   f - Mephitic Cloud                 Conjuration/Poison/Air       3


   Skills:
 - Level 1.5 Dodging
 - Level 1.5 Stealth
 + Level 5.1 Spellcasting
 + Level 2.2 Conjurations
   Level 0.7 Summonings
 - Level 0.7 Translocations


You had 9 spell levels left.
You knew the following spells:

 Your Spells              Type           Power        Failure   Level  Hunger
a - Magic Dart            Conj           ##..         5%          1    N/A
b - Blink                 Tloc           N/A          14%         2    N/A

Dungeon Overview and Level Annotations

Branches:
Dungeon (3/15)

Altars:
Okawaru


Innate Abilities, Weirdness & Mutations

You do not eat or drink.
Your flesh is vulnerable to fire.
You are immune to poison.
Your flesh is cold resistant. (rC+)
You are immune to negative energy. (rN+++)
You are immune to unholy pain and torment.
You can survive without breathing.


Message History

There is a stone staircase leading up here.
The gnoll hits you with a spear! The gnoll barely misses you.
The gnoll hits you with a whip.
You climb upwards.
There is a stone staircase leading down here.
Casting: Magic Dart
Confirm with . or Enter, or press ? or * to list all spells.
You miscast Blink.
You are very lightly contaminated with residual magic.
Nothing appears to happen.
The gnoll barely misses you. The gnoll closely misses you.
Casting: Blink
Confirm with . or Enter, or press ? or * to list all spells.
You blink.
The gnoll barely misses you. The gnoll hits you but does no damage.
Casting: Blink
Confirm with . or Enter, or press ? or * to list all spells.
You blink.
The gnoll hits you from afar with a spear!
You die...

#.................#
#################.#
#...##...###
###...##.#.#..
#####..##.##.###.#
#####...<..#......#...
#.......#..###..####.#
#.###.#(####......#..#
#.# #@#.#####.##.##..#
#.# #..g.)>#......#...
#.# ###.####.####.####
#.# #.# #......#
#.#####.# ##.##.##
#.......# #......###
######### ###..###.##
### #......#..#
##.####.##.##...


You could see a gnoll.

Vanquished Creatures
  A gnoll (D:2)
  An adder (D:2)
  2 dart slugs
  2 leopard geckos
  4 bats
  7 giant cockroaches
  A hobgoblin (D:1)
  7 jackals
  2 kobolds (D:2)
  A quokka (D:2)
  3 frilled lizards (D:1)
  A goblin (D:2)
  4 rats
36 creatures vanquished.

Notes
Turn   | Place    | Note
-------+----------+-------------------------------------------
     0 | D:1      | Minion the Mummy Wizard began the quest for the Orb.
     0 | D:1      | Reached XP level 1. HP: 13/13 MP: 5/5
    66 | D:1      | Reached skill level 1 in Conjurations
   199 | D:1      | Reached XP level 2. HP: 14/19 MP: 0/7
  1071 | D:1      | Learned a level 2 spell: Blink
  1438 | D:2      | Reached XP level 3. HP: 24/24 MP: 6/9
  1972 | D:2      | Found a faded altar of an unknown god.
  1974 | D:2      | Became a worshipper of Warmaster Okawaru
  1974 | D:2      | Reached * piety under Okawaru
  2047 | D:2      | Reached skill level 5 in Spellcasting
  2408 | D:2      | Slain by a gnoll

Skill      XL: |  1  2  3 |
---------------+----------+-----
Conjurations   | 1 2 |  2.2
Spellcasting   | 5 |  5.1
Dodging        | |  1.5
Stealth        | |  1.5
Summonings     | |  0.7
Translocations | |  0.7

Action                   || total
-------------------------++-------
Melee: Unarmed           ||    36
 Cast: Magic Dart        ||   105
       Blink             ||     2
Armor: Robe              ||    11
Dodge: Dodged            ||    56
